 Dungeon Crawl Stone Soup version 0.29.0-10-g45618ea6d2 (webtiles) character file.

Game seed: 166410106320887010

808 Flugkiller the Chopper (level 7, -5/63 HPs)
             Began as a Minotaur Fighter on Sept 1, 2022.
             Slain by a worm (8 damage)
             ... on level 4 of the Dungeon.
             The game lasted 00:02:06 (5697 turns).

Flugkiller the Chopper (Minotaur Fighter)           Turns: 5697, Time: 00:02:07

Health: -5/63      AC: 10    Str: 20    XL:     7   Next: 60%
Magic:  6/6        EV:  7    Int:  5    God:
Gold:   235        SH:  4    Dex: 12    Spells: 6/6 levels left

rFire   . . .      SeeInvis +   a - +0 war axe
rCold   . . .      Faith    .   c - +0 buckler
rNeg    . . .      Spirit   .   e - +0 chain mail
rPois   +          Reflect  .   (helmet restricted)
rElec   .          Harm     .   (no cloak)
rCorr   .          Rampage  .   (no gloves)
Will    .....                   (no boots)
Stlth   ..........              (no amulet)
HPRegen 0.20/turn               s - ring of the Duke {rPois SInv}
MPRegen 0.10/turn               (no ring)

@: about to teleport
A: horns 2, retaliatory headbutt
a: no special abilities


You were on level 4 of the Dungeon.
You visited 1 branch of the dungeon, and saw 5 of its levels.

You collected 235 gold pieces.

Inventory:

Hand Weapons
 a - a +0 war axe (weapon)
Missiles
 q - 6 boomerangs of dispersal (quivered)
 x - a boomerang
Armour
 b - a +0 scale mail
 c - a +0 buckler (worn)
 e - a +0 chain mail (worn)
   (You found it on level 1 of the Dungeon)
Jewellery
 s - the ring of the Duke (left hand) {rPois SInv}
   (You found it on level 3 of the Dungeon)

   [ring of see invisible]

   rPois:     It protects you from poison.
   SInv:      It lets you see invisible.
Scrolls
 d - a scroll of torment
 f - 2 scrolls of poison
 g - 2 scrolls of butterflies {unknown}
 h - a scroll of blinking {unknown}
 k - a scroll of enchant weapon {unknown}
 l - a scroll of fear {unknown}
 o - a scroll of summoning {unknown}
 p - a scroll of brand weapon {unknown}
 t - 4 scrolls of teleportation
Potions
 i - 2 potions of lignification {unknown}
 j - a potion of attraction {unknown}
 m - a potion of ambrosia
 n - a potion of magic {unknown}
 r - 2 potions of heal wounds {unknown}
 u - a potion of brilliance {unknown}
 v - a potion of flight {unknown}
 w - a potion of curing {unknown}


   Skills:
 + Level 6.2 Fighting
 * Level 7.6 Axes
 + Level 6.2 Armour
 - Level 3.6 Shields


You had 6 spell levels left.
You didn't know any spells.
Your spell library was empty.

Dungeon Overview and Level Annotations

Branches:
Dungeon (5/15)
 Temple: D:4-7

Altars:
Ashenzari
Makhleb
Ru
The Shining One

Shops:
D:4 :


Innate Abilities, Weirdness & Mutations

You have a pair of horns on your head.
You reflexively headbutt those who attack you in melee.


Message History

You open the door.
There is an open door here.
f - 2 scrolls of poison (gained 1)
There is an open door here.
Done exploring.
No target in view!
No target in view!
No target in view!
Done exploring.
Done exploring.
Done exploring.
Search for what [? for help]? plate Can't find anything matching that.
(D) Dungeon
Where to? (Enter - D:4, ? - help)
You see here a +0 spear.
There is a stone staircase leading down here.
You climb downwards.
The centaur shouts!
The killer bee buzzes angrily.
The adder hisses angrily.
You hear an angry buzzing noise.
You hear two shouts!
You hear a shout!
Found a steaming hand axe.
Found a stone staircase leading up.
There is a stone staircase leading up here.
There are monsters nearby!
There are monsters nearby!
There are monsters nearby!
There are monsters nearby!
A killer bee comes into view.
The centaur wields a +0 shortbow.
The centaur shoots an arrow.
You block the arrow.
An iguana comes into view.
Found 16 gold pieces.
The iguana hisses angrily.
The centaur shoots an arrow.
You block the arrow. The adder completely misses you.
The killer bee completely misses you.
You closely miss the killer bee. Your headbutt misses the killer bee.
You slash the adder! You completely miss the killer bee.
The killer bee stings you but does no damage. x2
The adder bites you but does no damage.
The centaur shoots an arrow.
The arrow hits you! The killer bee stings you.
The killer bee stings you but does no damage. x2
The adder bites you but does no damage.
You closely miss the adder. Your headbutt misses the adder.
The adder is severely wounded.
You barely miss the killer bee. You hit the killer bee.
You closely miss the killer bee.
The killer bee stings you but does no damage.
The killer bee barely misses you. You furiously retaliate!
You headbutt the killer bee.
The killer bee stings you but does no damage.
The centaur shoots an arrow.
The arrow closely misses you.
The arrow misses the killer bee.
You block the adder's attack. The killer bee barely misses you.
The killer bee stings you. The killer bee stings you!
The centaur shoots an arrow.
You block the arrow.
You closely miss the adder.
The adder is severely wounded.
You closely miss the killer bee. You miss the killer bee. x2
The killer bee stings you but does no damage.
The killer bee stings you. x2; The adder barely misses you.
You furiously retaliate!
You headbutt the adder.
You kill the adder!
The centaur shoots an arrow.
The arrow hits you. The killer bee stings you. x2
The killer bee stings you but does no damage.
A two-headed ogre comes into view.
It is wielding a +0 dire flail and a +0 giant club.
You are too injured to fight recklessly!
You are too injured to fight recklessly!
The killer bee stings you but does no damage.
The centaur shoots an arrow.
The arrow hits you but does no damage.
The killer bee stings you but does no damage.
You block the killer bee's attack.
The killer bee stings you but does no damage.
The killer bee stings you but does no damage.
The killer bee stings you. You block the killer bee's attack.
There is a stone staircase leading up here.
The killer bee stings you but does no damage.
The killer bee stings you.
The killer bee stings you but does no damage.
The centaur shoots an arrow.
The arrow hits you but does no damage. The killer bee closely misses you.
You furiously retaliate!
You headbutt the killer bee. The killer bee stings you.
* * * LOW HITPOINT WARNING * * *
The killer bee stings you but does no damage.
The centaur shoots an arrow.
The arrow hits you!
* * * LOW HITPOINT WARNING * * *
You climb upwards.
There is a stone staircase leading down here.
You are too injured to fight recklessly!
You are too injured to fight recklessly!
You are too injured to fight recklessly!
Okay, then.
As you read the scroll of teleportation, it crumbles to dust.
You feel strangely unstable. The killer bee stings you.
* * * LOW HITPOINT WARNING * * *
The killer bee closely misses you. You furiously retaliate!
You headbutt the killer bee. The killer bee closely misses you.
You furiously retaliate!
You headbutt the killer bee! The killer bee stings you.
* * * LOW HITPOINT WARNING * * *
The killer bee stings you but does no damage. x2
The worm bites you!
You die...

........#'######'#.....#.........
#'##....#....#.........#.........
...#....#....#...<..)..#......###
...#....#....+.........#..:...#_'
####......##'#.....)...#...#..###
......####...[....######...#.....
.)....# #........# #......#...
......# #.....w..# #......#...
).....# #.....y@y# #......#...
......# #......y.# #......#...
......# #........# ###########
####### ##########


You could see a worm and 3 killer bees.

Vanquished Creatures
  Sigmund (D:2)
  Duvessa (D:4)
  A phantom (D:4)
  Blork the orc (D:4)
  Dowan (D:4)
  A hound (D:4)
  An orc priest (D:4)
  Terence (D:2)
  Natasha (thrice) (D:2)
  An orc wizard (D:4)
  10 gnolls
  2 adders
  A worm (D:2)
  2 dart slugs
  6 orcs (D:4)
  5 ball pythons
  5 endoplasms
  2 giant cockroaches
  8 goblins
  3 hobgoblins
  5 kobolds
  2 quokkas (D:1)
  4 bats
  2 frilled lizards (D:1)
  5 rats
74 creatures vanquished.

Vanquished Creatures (others)
  14 plants (D:2)
14 creatures vanquished.

Grand Total: 88 creatures vanquished

Notes
Turn   | Place    | Note
-------+----------+-------------------------------------------
     0 | D:1      | Flugkiller the Minotaur Fighter began the quest for the
                  | Orb.
     0 | D:1      | Reached XP level 1. HP: 19/19 MP: 0/0
   139 | D:1      | Reached skill level 3 in Axes
   139 | D:1      | Reached XP level 2. HP: 25/27 MP: 1/1
  1144 | D:2      | Noticed Natasha
  1148 | D:2      | Killed Natasha
  1149 | D:2      | Reached XP level 3. HP: 33/33 MP: 2/2
  1250 | D:2      | Reached skill level 4 in Axes
  1252 | D:2      | Noticed Terence
  1263 | D:2      | Killed Terence
  1264 | D:2      | Reached XP level 4. HP: 37/41 MP: 3/3
  1369 | D:2      | HP: 2/41 [gnoll/+0 flail (6)]
  1487 | D:2      | HP: 1/41 [gnoll/+0 flail (8)]
  1489 | D:2      | Reached XP level 5. HP: 1/47 MP: 4/4
  1826 | D:2      | Reached skill level 5 in Axes
  1958 | D:2      | Noticed Sigmund
  1973 | D:2      | Killed Sigmund
  1974 | D:2      | Reached skill level 5 in Fighting
  1974 | D:2      | Reached skill level 5 in Armour
  1974 | D:2      | Reached XP level 6. HP: 27/56 MP: 5/5
  2206 | D:2      | Noticed Natasha
  2213 | D:2      | Killed Natasha
  2214 | D:2      | Reached skill level 6 in Axes
  2308 | D:2      | Noticed Natasha
  2314 | D:2      | Killed Natasha
  2768 | D:3      | Found a burning altar of Makhleb.
  2879 | D:3      | Found a sacrificial altar of Ru.
  2979 | D:3      | Identified the ring of the Duke {rPois SInv}
  3517 | D:4      | Noticed Blork the orc
  3850 | D:4      | Found Yngizur's Book Emporium.
  3941 | D:4      | Found a glowing golden altar of the Shining One.
  3952 | D:4      | Found a broken altar of Ashenzari.
  4671 | D:4      | Noticed Duvessa
  4671 | D:4      | Noticed Dowan
  4674 | D:4      | Killed Blork the orc
  4675 | D:4      | Reached XP level 7. HP: 26/62 MP: 6/6
  4875 | D:4      | Killed Duvessa
  4876 | D:4      | Reached skill level 7 in Axes
  5015 | D:4      | Killed Dowan
  5687 | D:5      | Entered Level 5 of the Dungeon
  5692 | D:5      | Noticed a two-headed ogre
  5697 | D:4      | HP: 3/63 [killer bee (1)]
  5697 | D:4      | Slain by a worm

Illustrated notes

Levels and vault maps discovered:
D:1:      tarquinn_simple_flora_water_f, layout_basic
D:2:      layout_basic, roderic_serpentine_path, nicolae_grassy_gnolls,
          uniq_natasha, uniq_sigmund, uniq_terence
D:3:      layout_loops_ring, lemuel_tele_altar, mainiacjoe_overflow_tiny_flanked
D:4:      layout_gridville, tso_oasis_becter, kennysheep_mini_moat,
          serial_shops, nicolae_shop_stone, grunt_decor_resistance,
          grunt_decor_arrowhead, uniq_duvessa, uniq_blork_the_orc
D:5:      layout_cave_pools, amcnicky_altar_gilded,
          minmay_temple_entry_overgrown

Skill      XL: |  1  2  3  4  5  6  7 |
---------------+----------------------+-----
Axes           | 3 4 5 6 7 |  7.6
Armour         | 4 5 6 |  6.2
Fighting       | 4 5 6 |  6.2
Shields        | |  3.6

Action                   |  1- 3 |  4- 6 |  7- 9 || total
-------------------------+-------+-------+-------++-------
Melee: War axe           |    58 |    95 |    32 ||   185
       Headbutt          |     7 |    21 |     1 ||    29
       Unarmed           |       |       |    18 ||    18
  Use: Potion            |       |     2 |       ||     2
       Scroll            |       |     3 |     1 ||     4
Armor: Scale mail        |     9 |       |       ||     9
       Chain mail        |    16 |    42 |    36 ||    94
       Skin              |       |       |     1 ||     1
Dodge: Dodged            |    28 |    45 |    34 ||   107
Block: Buckler           |    19 |    25 |    14 ||    58
